[Event "Titled Tuesday Blitz February 22 Early 2022"]
[White "Heinemann, Josefine"]
[Black "Sahil, Tickoo"]
[WhiteFideId "12900460"]
[BlackFideId "5019710"]
[WhiteElo "2300"]
[BlackElo "2099"]
[Result "0-1"]
[Round "11"]
[TimeControl "180+1"]
[Date "2022.02.22"]
[WhiteClock "0:00:15"]
[BlackClock "0:00:07"]

1. Nf3 d5 2. d4 Nf6 3. Bf4 e6 4. e3 Bd6 5. Bxd6 Qxd6 6. c4 dxc4 7. Bxc4 Qb4+ 8. Nbd2 Qxb2 9. O-O O-O 10. Bb3 Qa3 11. Rc1 Qe7 12. Qc2 c6 13. Nc4 Nbd7 14. Na5 Nb6 15. Ne5 Rb8 16. Nexc6 bxc6 17. Nxc6 Qb7 18. Nxb8 Qxb8 19. e4 Ba6 20. Rfe1 Rc8 21. Qb1 Rxc1 22. Rxc1 h6 23. Qc2 Qf4 24. Re1 Ng4 25. g3 Qg5 26. h4 Qa5 27. Rc1 Qb4 28. Qc3 Qa3 29. Re1 Nf6 30. Qc7 Bd3 31. d5 Bxe4 32. dxe6 fxe6 33. Bxe6+ Kh7 34. Qf4 Qd3 35. Kh2 Nbd5 36. Bxd5 Qxd5 37. a3 Bf5 38. Re5 Ng4+ 39. Qxg4 Qxe5 40. Qf3 Qe6 41. Qf4 Be4 42. Qe3 Qf5 43. f4 Bc6 44. Qe2 Qe4 45. Qxe4+ Bxe4 46. Kg1 h5 47. Kf2 Kg6 48. Ke3 Kf5 49. Kd4 a6 50. Ke3 Bb7 0-1


[Site "https://www.chess.com"]

[Event "Titled Tuesday Blitz February 22 Early 2022"]
[White "Hess, Robert"]
[Black "Melian, Juan Sebastian"]
[WhiteFideId "2022036"]
[BlackFideId "3706575"]
[WhiteElo "2557"]
[BlackElo "1842"]
[Result "1-0"]
[Round "11"]
[TimeControl "180+1"]
[Date "2022.02.22"]
[WhiteClock "0:00:06"]
[BlackClock "0:00:02"]

1. b3 e5 2. Bb2 Nc6 3. d3 g6 4. Nd2 Bg7 5. e3 Nge7 6. Ne2 O-O 7. h4 h6 8. e4 d5 9. Ng3 Be6 10. h5 g5 11. Be2 f5 12. exf5 Nxf5 13. Bg4 Qd7 14. Nxf5 Bxf5 15. Bxf5 Qxf5 16. Qf3 Qe6 17. Qe3 Rae8 18. O-O-O Qf7 19. f3 Qf4 20. Qc5 Qf7 21. Kb1 Qd7 22. a3 Rf7 23. Nf1 a6 24. Ne3 Rd8 25. Ng4 Qd6 26. Qxd6 Rxd6 27. b4 Re6 28. c4 dxc4 29. dxc4 e4 30. Rhf1 exf3 31. Rxf3 Rxf3 32. gxf3 Bxb2 33. Kxb2 Ne5 34. Nxe5 Rxe5 35. Rd7 Re2+ 36. Kc3 Re3+ 37. Kd4 Rxa3 38. Rxc7 b6 39. Rc6 a5 40. Rxb6 axb4 41. c5 Rxf3 42. c6 Rf7 43. Rb8+ Kg7 44. Rb7 b3 45. Rxb3 Kf6 46. Rf3+ Ke6 47. Rxf7 Kxf7 48. c7 1-0


[Site "https://www.chess.com"]

[Event "Titled Tuesday Blitz February 22 Early 2022"]
[White "Hjartarson, Johann"]
[Black "FGHSMN"]
[WhiteFideId "2300044"]
[WhiteElo "2484"]
[BlackElo "2803"]
[Result "0-1"]
[Round "11"]
[TimeControl "180+1"]
[Date "2022.02.22"]
[WhiteClock "0:00:09"]
[BlackClock "0:00:16"]

1. e4 c5 2. Nf3 e6 3. d4 cxd4 4. Nxd4 a6 5. Bd3 Nf6 6. O-O Qc7 7. Qe2 d6 8. c4 Be7 9. Nc3 Nbd7 10. f4 O-O 11. Kh1 b6 12. Bd2 Re8 13. Nf3 Bb7 14. Rae1 g6 15. Qf2 Rad8 16. f5 Bf8 17. b3 Bg7 18. Ng5 Ne5 19. Bb1 h6 20. Nh3 exf5 21. exf5 g5 22. Ng1 d5 23. cxd5 Neg4 24. Qg3 Qxg3 25. hxg3 Nh5 26. Rxe8+ Rxe8 27. Rf3 Bxc3 28. Rxc3 Nf2+ 29. Kh2 Nf6 30. Nf3 Bxd5 31. Kg1 N2e4 32. Rd3 Nxg3 33. Nd4 Ne2+ 34. Nxe2 Rxe2 35. Bc3 Rxg2+ 36. Kf1 Ng4 37. Bb4 f6 0-1


[Site "https://www.chess.com"]

[Event "Titled Tuesday Blitz February 22 Early 2022"]
[White "Hua, Lefong"]
[Black "Krylov, Ivan"]
[WhiteFideId "2602253"]
[BlackFideId "24128066"]
[WhiteElo "2574"]
[BlackElo "2258"]
[Result "1-0"]
[Round "11"]
[TimeControl "180+1"]
[Date "2022.02.22"]
[WhiteClock "0:02:22"]
[BlackClock "0:01:54"]

1. d4 d5 2. c4 e6 3. Nc3 Nf6 4. cxd5 exd5 5. Bg5 c6 6. e3 Nbd7 7. Bd3 Be7 8. Qc2 O-O 9. Nge2 Re8 10. O-O Nf8 11. f3 g6 12. Rad1 c5 13. dxc5 Ne6 14. Bxf6 Bxf6 15. Bb5 Nxc5 16. Bxe8 Qxe8 17. Nxd5 Be7 18. Nc7 Qc6 19. Nxa8 Be6 20. b4 Bf5 21. e4 1-0


[Site "https://www.chess.com"]

[Event "Titled Tuesday Blitz February 22 Early 2022"]
[White "Iljin, Timofey"]
[Black "Ashiev, Eduard"]
[WhiteFideId "14110180"]
[BlackFideId "4130090"]
[WhiteElo "2396"]
[BlackElo "2004"]
[Result "1/2-1/2"]
[Round "11"]
[TimeControl "180+1"]
[Date "2022.02.22"]
[WhiteClock "0:00:10"]
[BlackClock "0:00:06"]

1. e4 e5 2. d4 exd4 3. c3 d5 4. exd5 Nf6 5. cxd4 Nxd5 6. Nf3 Be7 7. Bd3 Nd7 8. O-O N7f6 9. Nc3 O-O 10. Re1 c6 11. h3 Re8 12. a3 Bd7 13. Bg5 Be6 14. Bc2 Qc7 15. Qd3 g6 16. Qd2 Rad8 17. Bh6 Bf8 18. Bxf8 Rxf8 19. Ng5 Bc8 20. Rad1 Rfe8 21. Nce4 Nxe4 22. Nxe4 Kg7 23. Qg5 Qf4 24. Qg3 Qxg3 25. fxg3 Re7 26. Nc3 Rxe1+ 27. Rxe1 Be6 28. Kf2 Nb6 29. Rd1 Bd5 30. b3 Be6 31. Ne4 Nd5 32. Nc5 Bc8 33. Kf3 Re8 34. Be4 Nc3 35. Rc1 Nxe4 36. Nxe4 Be6 37. Nc5 Bd5+ 38. Kf2 b6 39. Nd3 Re4 40. Nb4 Rxd4 41. Nxc6 Bxc6 42. Rxc6 Rd3 43. Rc7 a5 44. b4 axb4 45. axb4 Rd4 46. b5 Rd5 47. Kf3 Rxb5 48. g4 h6 49. Kg3 Rb3+ 50. Kh2 b5 51. Rb7 b4 52. Rb6 Rb2 53. Rb7 b3 54. Rb6 Rb1 55. Rb7 Kf6 56. Rb6+ Kg7 57. Rb7 Rb2 58. Rb6 Rb1 1/2-1/2


[Site "https://www.chess.com"]

[Event "Titled Tuesday Blitz February 22 Early 2022"]
[White "Ishbaev, Alibek"]
[Black "Prohorov, Olexandr"]
[WhiteFideId "14205017"]
[BlackFideId "14105578"]
[WhiteElo "2374"]
[BlackElo "1993"]
[Result "1-0"]
[Round "11"]
[TimeControl "180+1"]
[Date "2022.02.22"]
[WhiteClock "0:01:04"]
[BlackClock "0:00:03"]

1. c4 g6 2. Nc3 Bg7 3. g3 Nf6 4. Bg2 O-O 5. e4 d6 6. Nge2 c5 7. O-O Nc6 8. d3 Ne8 9. f4 Nc7 10. f5 Nd4 11. g4 Rb8 12. Be3 b5 13. Qd2 Ba6 14. b3 bxc4 15. dxc4 Nxe2+ 16. Nxe2 Bxa1 17. Rxa1 f6 18. Bh6 Rf7 19. g5 Ne8 20. Rf1 Bb7 21. Nf4 Qd7 22. Bh3 Qc6 23. Nd5 gxf5 24. Bxf5 Bc8 25. g6 hxg6 26. Bxg6 Qd7 27. Kh1 Qh3 28. Bxf7+ Kxf7 29. Qf4 Bg4 30. Ne3 Bh5 31. Qg3 Qxg3 32. hxg3 Nc7 33. Nd5 Rh8 34. Nxc7 Rxh6 35. Kg1 Bg4 36. Rf2 Rh8 37. Nd5 Ra8 38. Rh2 Kg7 39. Nxe7 a5 40. Rd2 a4 41. Rxd6 axb3 42. axb3 Ra1+ 43. Kf2 Ra2+ 44. Ke3 Rb2 45. Rd3 Kf7 46. Nf5 Re2+ 47. Kf4 Bh3 48. Rd7+ Kf8 49. Rc7 Rf2+ 50. Ke3 Rb2 51. Rb7 Bg4 52. Nh6 Bh5 53. g4 Bg6 54. Nf5 Rb1 55. Rb5 Kf7 56. Rb7+ Kf8 57. Rb5 Kf7 58. Kf4 Rf1+ 59. Ke3 Re1+ 60. Kd2 Rxe4 61. Nd6+ Kg8 62. Nxe4 Bxe4 63. Ke3 Bc2 64. Kf4 Kg7 65. Rxc5 Kg6 66. Rb5 Bxb3 67. Rxb3 1-0


[Site "https://www.chess.com"]

[Event "Titled Tuesday Blitz February 22 Early 2022"]
[White "Iskusnyh, Sergei"]
[Black "Chigaev, Maksim"]
[WhiteFideId "4120027"]
[BlackFideId "4108116"]
[WhiteElo "2492"]
[BlackElo "2502"]
[Result "0-1"]
[Round "11"]
[TimeControl "180+1"]
[Date "2022.02.22"]
[WhiteClock "0:00:01"]
[BlackClock "0:00:03"]

1. d4 Nf6 2. c4 e6 3. g3 d5 4. Nf3 Be7 5. Bg2 O-O 6. O-O dxc4 7. Qa4 a6 8. Qxc4 b5 9. Qc2 Bb7 10. Bd2 Be4 11. Qc1 Bb7 12. Bf4 Bd6 13. Nbd2 Nbd7 14. Nb3 Bd5 15. Rd1 Rc8 16. Nc5 a5 17. Ne5 Bxg2 18. Kxg2 Qe8 19. Ncxd7 Nxd7 20. Nc6 a4 21. Qc2 Bxf4 22. gxf4 Nb6 23. Qc5 Nd5 24. e3 f6 25. Qc2 Kh8 26. Kh1 Qh5 27. Rg1 Rce8 28. Qd1 Qf5 29. Qg4 Qxg4 30. Rxg4 Nb6 31. b3 h6 32. Rc1 g5 33. fxg5 fxg5 34. Kg1 Nd7 35. Re4 Rf6 36. Ne5 Nxe5 37. Rxe5 axb3 38. axb3 Ref8 39. Rc2 b4 40. h4 gxh4 41. f4 Rg6+ 42. Rg2 Rfg8 43. Rxg6 Rxg6+ 44. Kh2 Kg7 45. Rc5 Kf6 46. Rxc7 Kf5 47. Rc4 Rg3 48. Rxb4 Rxe3 49. Rb5+ Kg4 50. Re5 Kxf4 51. Rxe3 Kxe3 52. Kh3 Kxd4 53. Kxh4 e5 54. Kg4 e4 55. Kf4 e3 0-1


[Site "https://www.chess.com"]

[Event "Titled Tuesday Blitz February 22 Early 2022"]
[White "Jiang, Brian"]
[Black "Rodchenkov, Vitaly"]
[WhiteFideId "2627922"]
[BlackFideId "4152964"]
[WhiteElo "2387"]
[BlackElo "2337"]
[Result "1-0"]
[Round "11"]
[TimeControl "180+1"]
[Date "2022.02.22"]
[WhiteClock "0:00:12"]
[BlackClock "0:00:13"]

1. d4 Nf6 2. c4 e6 3. g3 d5 4. Bg2 Be7 5. Nf3 O-O 6. O-O b6 7. Nc3 Bb7 8. Ne5 Na6 9. Qa4 c5 10. cxd5 exd5 11. Rd1 Re8 12. Nc6 Qd7 13. Nxe7+ Qxe7 14. Bg5 cxd4 15. Qxd4 Rad8 16. e3 Nc7 17. Rac1 Ne6 18. Bxf6 gxf6 19. Qg4+ Kh8 20. Bxd5 Rg8 21. Qf3 Ng5 22. Qf5 Bc8 23. Qc2 Bg4 24. Rd4 Bf3 25. Kf1 Qe5 26. Bxf3 Nxf3 27. Rxd8 Rxd8 28. Kg2 Ng5 29. h4 Ne6 30. Rd1 Rg8 31. Rd5 Qc7 32. Rh5 Rg7 33. Qf5 Qb7+ 34. e4 Nc5 35. Nd5 Qc6 36. Nxf6 Ne6 37. Rxh7+ 1-0


[Site "https://www.chess.com"]

[Event "Titled Tuesday Blitz February 22 Early 2022"]
[White "Jobava, Baadur"]
[Black "Indjic, Aleksandar"]
[WhiteFideId "13601520"]
[BlackFideId "911925"]
[WhiteElo "2617"]
[BlackElo "2616"]
[Result "1-0"]
[Round "11"]
[TimeControl "180+1"]
[Date "2022.02.22"]
[WhiteClock "0:00:04"]
[BlackClock "0:00:01"]

1. e4 c5 2. Nf3 Nc6 3. Bb5 e6 4. O-O Nge7 5. Re1 Nd4 6. Nxd4 cxd4 7. c3 a6 8. Bf1 Nc6 9. cxd4 Nxd4 10. Nc3 Bc5 11. d3 d6 12. Be3 O-O 13. Rc1 e5 14. Ne2 Qb6 15. Rb1 a5 16. Nc3 Be6 17. Na4 Qd8 18. Nxc5 dxc5 19. a3 a4 20. Qd2 b6 21. Qc3 Qd6 22. Rbc1 Rfd8 23. h3 f6 24. Kh2 h6 25. Red1 Rd7 26. Kg1 Rad8 27. Re1 Nb3 28. Rcd1 Qb8 29. Qc2 Qb7 30. Qc3 Qb8 31. Be2 Kh7 32. Bf1 Qd6 33. Be2 Rc7 34. Bf1 Bd7 35. Qc4 Qe7 36. Be2 Qe8 37. Qc3 Bb5 38. Bg4 Bd7 39. Be2 Rc6 40. f4 Rd6 41. fxe5 Qxe5 42. Rf1 Bb5 43. Bf4 Qxc3 44. bxc3 R6d7 45. Rf3 Kh8 46. e5 fxe5 47. Bxe5 Re7 48. Re3 Rd5 49. d4 Bxe2 50. Rxe2 cxd4 51. cxd4 Kh7 52. Kf2 Rf7+ 53. Ke3 Rfd7 54. Ree1 b5 55. g4 Na5 56. Ke4 Nc6 57. Rb1 Na5 58. Rbc1 Nb3 59. Rcd1 Na5 60. Rd3 Nc6 61. Rc3 Nxd4 62. Rd3 Nf3 63. Rxd5 Rxd5 64. Kxd5 Nxe1 65. Bd6 Nc2 66. Kc6 b4 67. axb4 a3 68. Kc5 Ne1 69. Kc4 a2 70. Be5 Nf3 71. Ba1 Nd2+ 72. Kc3 Ne4+ 73. Kb3 Kg6 74. Kxa2 Kf7 75. Kb3 g5 76. Kc4 Nf2 77. b5 Ke6 78. b6 Kd7 79. Kb5 Nd3 80. Bg7 Nf4 81. Bxh6 Nxh3 82. Ka6 1-0


[Site "https://www.chess.com"]

[Event "Titled Tuesday Blitz February 22 Early 2022"]
[White "Jodorcovsky Werjivker, Paulo"]
[Black "volunteers1998"]
[WhiteFideId "3700305"]
[WhiteElo "2075"]
[BlackElo "2258"]
[Result "1-0"]
[Round "11"]
[TimeControl "180+1"]
[Date "2022.02.22"]
[WhiteClock "0:00:13"]
[BlackClock "0:00:01"]

1. d4 f5 2. Bg5 h6 3. Bh4 c5 4. e3 Qb6 5. Nc3 cxd4 6. exd4 Qe6+ 7. Be2 g5 8. d5 Qb6 9. Bh5+ Kd8 10. Nf3 gxh4 11. Ne5 Rh7 12. O-O Nf6 13. Bg6 Rg7 14. Bxf5 d6 15. Nc4 Qc5 16. Bd3 Bh3 17. Ne3 Nbd7 18. Qf3 Bg4 19. Nxg4 Rxg4 20. Bf5 Rg8 21. Be6 Rg5 22. b4 Qxb4 23. Rab1 Qc4 24. Rxb7 Ne5 25. Qe3 Nfg4 26. Qd2 Nf6 27. f4 Qc5+ 28. Kh1 Nc4 29. Qd3 Rg7 30. Rfb1 Nb6 31. Na4 Qf2 32. Bh3 Rc8 33. Nxb6 axb6 34. R7xb6 Ng4 35. Rb8 Rxb8 36. Rxb8+ Kc7 37. Rb1 Qe3 38. Qc4+ Qc5 39. Qxc5+ dxc5 40. Rb5 Nf2+ 41. Kg1 Nxh3+ 42. Kf1 Nxf4 43. Rxc5+ Kd6 44. Rc4 Nxd5 45. Rd4 e5 46. Rd2 Rf7+ 47. Rf2 Be7 48. Rxf7 Bg5 49. Rf8 Ne3+ 50. Ke2 Nxc2 51. Rg8 Nb4 52. a4 Kc5 53. Rg6 Bf4 54. g3 1-0


[Site "https://www.chess.com"]

[Event "Titled Tuesday Blitz February 22 Early 2022"]
[White "Kamsky, Gata"]
[Black "Jacobson, Aaron"]
[WhiteFideId "2000024"]
[BlackFideId "2089912"]
[WhiteElo "2645"]
[BlackElo "2265"]
[Result "1-0"]
[Round "11"]
[TimeControl "180+1"]
[Date "2022.02.22"]
[WhiteClock "0:00:35"]
[BlackClock "0:00:01"]

1. e4 d5 2. exd5 Nf6 3. Nf3 Bg4 4. Be2 Qxd5 5. Nc3 Qf5 6. h3 Bxf3 7. Bxf3 Nc6 8. Bxc6+ bxc6 9. Qe2 e6 10. Qc4 Qc5 11. Qxc5 Bxc5 12. d3 Nd5 13. Ne4 Be7 14. c3 Kd7 15. g3 a5 16. a4 h5 17. h4 Rab8 18. Kd1 g6 19. Kc2 Nf6 20. Be3 Nxe4 21. dxe4 c5 22. b3 Kc6 23. Rab1 Bf6 24. Kd3 Rhd8+ 25. Kc4 Be7 26. Rhd1 Rd6 27. Bf4 Rdd8 28. Rxd8 Rxd8 29. Be3 Rd7 30. Rh1 Rd8 31. Re1 Rd7 32. e5 Rd8 33. Bh6 Rd7 34. Re3 Rd5 35. Bg7 Kd7 36. Rd3 c6 37. Bh6 Kc7 38. Rf3 Rxe5 39. Bf4 1-0


[Site "https://www.chess.com"]

[Event "Titled Tuesday Blitz February 22 Early 2022"]
[White "Kaplan, Ebru"]
[Black "Karavaeva, Olga"]
[WhiteFideId "6315194"]
[BlackFideId "4124111"]
[WhiteElo "1941"]
[BlackElo "2105"]
[Result "0-1"]
[Round "11"]
[TimeControl "180+1"]
[Date "2022.02.22"]
[WhiteClock "0:00:02"]
[BlackClock "0:00:14"]

1. e4 c5 2. Nf3 e6 3. b3 Nc6 4. Bb2 Nf6 5. e5 Nd5 6. c4 Nc7 7. Nc3 Be7 8. d4 Nxd4 9. Nxd4 cxd4 10. Qxd4 O-O 11. Bd3 d6 12. exd6 Qxd6 13. Nd5 f6 14. Nxe7+ Qxe7 15. Qh4 g6 16. O-O e5 17. Rae1 Ne6 18. f4 Qc5+ 19. Kh1 Nxf4 20. Rxf4 exf4 21. Bxf6 Bf5 22. Re7 Rf7 23. Rxf7 Kxf7 24. Bc3 Bxd3 25. Qf6+ Ke8 26. Qe6+ Qe7 27. Qg8+ Kd7 28. Qxa8 Be4 29. Qxa7 f3 30. Qd4+ Kc6 31. b4 fxg2+ 32. Kg1 b6 33. b5+ Kb7 34. a4 Bf3 35. a5 Qc5 36. Qxc5 bxc5 37. Kf2 Be2 38. Kxg2 Bxc4 39. b6 Kc6 40. Kg3 Kd5 41. Kg4 Be2+ 42. Kg5 Ba6 43. Kh6 Kc4 44. Be1 Kd3 45. Kxh7 g5 46. Kg6 g4 47. Kg5 Ke2 48. Bc3 Kf3 49. Be5 c4 50. Kh4 Bc8 51. Bf6 Kg2 52. Bg7 Kxh2 53. Kg5 g3 54. Be5 Kh3 0-1


[Site "https://www.chess.com"]

[Event "Titled Tuesday Blitz February 22 Early 2022"]
[White "Karabalis, Harilos"]
[Black "Galyas, Miklos"]
[WhiteFideId "4621808"]
[BlackFideId "707244"]
[WhiteElo "2168"]
[BlackElo "2409"]
[Result "0-1"]
[Round "11"]
[TimeControl "180+1"]
[Date "2022.02.22"]
[WhiteClock "0:00:05"]
[BlackClock "0:01:03"]

1. e4 d6 2. d4 g6 3. c3 Bg7 4. Nf3 Nf6 5. Bd3 O-O 6. O-O Nc6 7. h3 e5 8. Re1 Nh5 9. Be3 h6 10. Qd2 g5 11. Na3 Nf4 12. Bf1 Qf6 13. dxe5 dxe5 14. Bxf4 gxf4 15. Rad1 a6 16. c4 Kh8 17. c5 Rg8 18. Nc4 Be6 19. Qc3 Nd4 20. Nxd4 exd4 21. Qf3 Rad8 22. b3 Qg5 23. Nb2 Qxc5 24. Nd3 Qg5 25. Nxf4 Be5 26. Nd3 f6 27. Kh1 Rg7 28. g3 Rdg8 29. Qg2 Qh5 30. f4 Rxg3 31. Qh2 Bxh3 32. Be2 Qh4 33. fxe5 Bg2+ 34. Kg1 Rh3 0-1


[Site "https://www.chess.com"]

[Event "Titled Tuesday Blitz February 22 Early 2022"]
[White "Kazancev, Valerij M"]
[Black "Maevsky, Nikolay"]
[WhiteFideId "4179609"]
[BlackFideId "4198220"]
[WhiteElo "2464"]
[BlackElo "2104"]
[Result "1-0"]
[Round "11"]
[TimeControl "180+1"]
[Date "2022.02.22"]
[WhiteClock "0:00:17"]
[BlackClock "0:00:01"]

1. c4 c6 2. Nf3 Nf6 3. g3 d5 4. Bg2 Bg4 5. O-O e6 6. b3 Nbd7 7. Bb2 Be7 8. h3 Bh5 9. d3 a5 10. a3 O-O 11. Nbd2 Re8 12. g4 Bg6 13. Nh4 Bc5 14. Nxg6 hxg6 15. e3 Qe7 16. d4 Bd6 17. c5 Bc7 18. f4 b6 19. b4 axb4 20. axb4 bxc5 21. bxc5 Reb8 22. Qc2 Qd8 23. Bc3 Ba5 24. Nb3 Bxc3 25. Qxc3 Qc7 26. Qd3 Kf8 27. g5 Ng8 28. h4 Ne7 29. Bh3 Qb7 30. Nd2 Nf5 31. Bxf5 exf5 32. Rfb1 Rxa1 33. Rxa1 Ra8 34. Rxa8+ Qxa8 35. Kf2 Ke7 36. Qb3 Qh8 37. Nf3 Qa8 38. Kg3 f6 39. Qb4 Qa7 40. Nd2 Qa2 41. Kf2 Qc2 42. Ke2 Qa2 43. Qb7 Qa4 44. Nf3 Qc2+ 45. Kf1 Qd1+ 46. Kf2 Qc2+ 47. Kg3 Qa4 48. Qc7 Qb5 49. Qd6+ Ke8 50. Qe6+ Kd8 51. Qg8+ Kc7 52. Qxg7 fxg5 53. hxg5 Qf1 54. Qxg6 Qe2 55. Qd6+ Kc8 56. Qxc6+ Kd8 57. Qe6 1-0


[Site "https://www.chess.com"]

[Event "Titled Tuesday Blitz February 22 Early 2022"]
[White "Kim, Sergey"]
[Black "Manukian, Artak"]
[WhiteFideId "13700570"]
[BlackFideId "13301373"]
[WhiteElo "2636"]
[BlackElo "2502"]
[Result "1-0"]
[Round "11"]
[TimeControl "180+1"]
[Date "2022.02.22"]
[WhiteClock "0:00:49"]
[BlackClock "0:00:07"]

1. d4 Nf6 2. c4 e6 3. Nc3 c5 4. d5 exd5 5. cxd5 d6 6. e4 g6 7. Nge2 Bg7 8. Ng3 O-O 9. Be2 h5 10. Bg5 a6 11. a4 Nbd7 12. O-O Re8 13. f4 Qc7 14. e5 dxe5 15. d6 Qb6 16. f5 Qxb2 17. Rc1 Qb4 18. fxg6 fxg6 19. Nd5 Nxd5 20. Qxd5+ Kh7 21. Rc4 Nb6 22. Qxc5 Qxc5+ 23. Rxc5 e4 24. Rc7 Bd7 25. a5 Re5 26. axb6 Rxg5 27. Rxd7 Kh6 28. Rff7 Bd4+ 29. Kf1 Re5 30. h4 g5 31. Rh7+ Kg6 32. Rdg7+ Kf6 33. Nxh5+ Ke6 34. Re7+ Kxd6 35. Rxe5 Kxe5 36. Rxb7 gxh4 37. Ke1 a5 38. Ng7 a4 39. Bc4 a3 40. Ba2 Kf6 41. Rf7+ Kg6 42. b7 Rb8 43. Nf5 Be5 44. Ne7+ Kg5 45. Nc6 Bg3+ 46. Ke2 Rd8 47. Nxd8 h3 48. gxh3 Kh4 49. Rh7+ 1-0


[Site "https://www.chess.com"]

[Event "Titled Tuesday Blitz February 22 Early 2022"]
[White "Kirillov, Dmitry"]
[Black "Escudero Donoso, Felipe"]
[WhiteFideId "34180572"]
[BlackFideId "3410595"]
[WhiteElo "2076"]
[BlackElo "2184"]
[Result "1-0"]
[Round "11"]
[TimeControl "180+1"]
[Date "2022.02.22"]
[WhiteClock "0:00:13"]
[BlackClock "0:00:01"]

1. d4 Nf6 2. c4 e6 3. Nf3 d5 4. e3 c6 5. Nbd2 Bd6 6. Bd3 O-O 7. O-O Nbd7 8. e4 dxe4 9. Nxe4 Nxe4 10. Bxe4 Nf6 11. Bc2 b6 12. Bg5 h6 13. Bh4 Bb7 14. Qd3 g6 15. c5 bxc5 16. dxc5 Be7 17. Qe3 Nd5 18. Qxh6 Bxh4 19. Nxh4 Qf6 20. Rab1 Ba6 21. Rfe1 Nf4 22. Nf3 Nd3 23. Bxd3 Bxd3 24. Rbd1 Bc4 25. Ng5 Qg7 26. Qh4 Bxa2 27. Ne4 f6 28. Rd6 Bd5 29. Nc3 Rab8 30. Nxd5 exd5 31. Ree6 Rxb2 32. h3 g5 33. Qg4 a5 34. Rxc6 Rb4 35. Qf5 a4 36. Qxd5 Kh8 37. Rcd6 Rb1+ 38. Kh2 a3 39. Rd7 Qg6 40. Ree7 a2 41. Qxa2 Rc1 42. Qa7 Kg8 43. Rh7 Qf5 44. Rdg7# 1-0


[Site "https://www.chess.com"]

[Event "Titled Tuesday Blitz February 22 Early 2022"]
[White "Kollars, Dmitrij"]
[Black "Zhu, Jiner"]
[WhiteFideId "12909572"]
[BlackFideId "8608059"]
[WhiteElo "2584"]
[BlackElo "2281"]
[Result "1/2-1/2"]
[Round "11"]
[TimeControl "180+1"]
[Date "2022.02.22"]
[WhiteClock "0:00:09"]
[BlackClock "0:00:12"]

1. e4 e5 2. Nf3 Nc6 3. Bb5 a6 4. Ba4 Nf6 5. O-O Be7 6. Re1 b5 7. Bb3 O-O 8. a4 b4 9. d3 d6 10. c3 Rb8 11. Nbd2 Be6 12. Bxe6 fxe6 13. d4 bxc3 14. bxc3 exd4 15. cxd4 Nb4 16. Nb3 c5 17. Qe2 Kh8 18. dxc5 dxc5 19. Bf4 Rb7 20. Red1 Rd7 21. Ng5 Qb6 22. Qc4 Rxd1+ 23. Rxd1 Nh5 24. Be3 Bxg5 25. Bxc5 Qc6 26. Na5 Qc7 27. Bxb4 Qxc4 28. Nxc4 Rb8 29. Bd6 Rc8 30. Ne5 Kg8 31. g3 Bd8 32. Bb4 Nf6 33. f3 Bb6+ 34. Kh1 h5 35. Rd6 Rc1+ 36. Kg2 Rc2+ 37. Rd2 Rc1 38. Be7 Be3 39. Re2 Bd4 40. Ng6 Kf7 41. Bxf6 gxf6 42. Nf4 Ra1 43. Rd2 Rxa4 44. Nxh5 Be5 45. Nf4 Bxf4 46. gxf4 a5 47. Rd7+ Kg6 48. Ra7 Ra1 49. Kg3 a4 50. Ra6 a3 51. Kg2 a2 52. h3 Kh5 53. Ra4 Kg6 54. Ra5 Kh6 55. Ra6 Kg6 56. Kh2 Kh6 57. h4 Kg6 58. Ra5 Kh6 59. h5 Kh7 60. Kg2 Kh6 61. Kh2 Kh7 62. Ra6 Kh6 63. f5 exf5 64. Rxf6+ Kg7 65. Rg6+ Kh7 66. Ra6 fxe4 67. fxe4 Re1 68. Rxa2 Rxe4 69. Kg3 Kh6 70. Ra5 Rb4 71. Kh3 Rc4 72. Kg3 Rb4 73. Rc5 Ra4 74. Kf3 Rb4 75. Ke3 Ra4 76. Rb5 Rh4 77. Kf3 Rxh5 78. Rb6+ Kg7 79. Kg4 Ra5 80. Rb7+ Kf6 81. Rb6+ Kg7 1/2-1/2


[Site "https://www.chess.com"]

[Event "Titled Tuesday Blitz February 22 Early 2022"]
[White "Korchmar, Vasiliy"]
[Black "Wagner, Dennis"]
[WhiteFideId "24131750"]
[BlackFideId "24650684"]
[WhiteElo "2370"]
[BlackElo "2355"]
[Result "0-1"]
[Round "11"]
[TimeControl "180+1"]
[Date "2022.02.22"]
[WhiteClock "0:00:11"]
[BlackClock "0:00:30"]

1. d4 Nf6 2. Bf4 e6 3. e3 d5 4. Nf3 c5 5. Nbd2 Bd6 6. Bg3 O-O 7. dxc5 Bxc5 8. c4 Nc6 9. cxd5 exd5 10. Rc1 Bb6 11. Bd3 d4 12. e4 Re8 13. O-O Nh5 14. a3 Nxg3 15. hxg3 Be6 16. Bb5 Rc8 17. Nc4 Bxc4 18. Rxc4 Rxe4 19. Qd3 Qd5 20. Rfc1 h6 21. Ba4 Re6 22. Bb3 Qe4 23. Qd1 Rce8 24. Ba4 Qe2 25. Bxc6 bxc6 26. Nxd4 Qxd1+ 27. Rxd1 Re1+ 28. Rxe1 Rxe1+ 29. Kh2 Re4 0-1


[Site "https://www.chess.com"]

[Event "Titled Tuesday Blitz February 22 Early 2022"]
[White "Kostiukov, Alexandr"]
[Black "Nur-Mukhametova, Alisa"]
[WhiteFideId "14108100"]
[BlackFideId "54117739"]
[WhiteElo "2202"]
[BlackElo "2015"]
[Result "0-1"]
[Round "11"]
[TimeControl "180+1"]
[Date "2022.02.22"]
[WhiteClock "0:00:01"]
[BlackClock "0:00:02"]

1. g3 e5 2. Bg2 d5 3. c4 Nf6 4. cxd5 Nxd5 5. Nf3 Nc6 6. O-O Be7 7. Nc3 Nb6 8. a4 a5 9. Nb5 O-O 10. d4 exd4 11. Nfxd4 Nxd4 12. Qxd4 c6 13. Be3 Qxd4 14. Bxd4 Nc4 15. Na3 Nd2 16. Rfd1 Nb3 17. Rab1 Nxd4 18. Rxd4 Bf5 19. e4 Be6 20. e5 Rfd8 21. Rbd1 Kf8 22. Bf1 Rxd4 23. Rxd4 Bc5 24. Rh4 Bxa3 25. bxa3 h6 26. Rd4 Ke7 27. Rd2 Rd8 28. Rb2 Rd7 29. f4 Bd5 30. Kf2 Ke6 31. Bh3+ Ke7 32. Bxd7 Kxd7 33. Ke3 Kc7 34. Kd4 Be6 35. Kc5 Bf5 36. Kd4 b6 37. Ke3 Be6 38. Kf3 Bd5+ 39. Kg4 Be6+ 40. f5 Bc8 41. Kf4 Ba6 42. g4 b5 43. h4 bxa4 44. g5 hxg5+ 45. hxg5 c5 46. f6 gxf6 47. exf6 Bd3 48. Ke5 Bg6 49. Rd2 Kc6 50. Rd8 c4 51. Rc8+ Kb5 52. Kd5 Bd3 53. Rb8+ Ka6 54. Kc6 Ka7 55. Rf8 Be4+ 56. Kc5 Bg6 57. Kxc4 Kb6 58. Re8 Kc6 59. Rg8 Bf5 60. g6 fxg6 61. Kd4 Kd6 62. Re8 Be6 63. Re7 g5 0-1


[Site "https://www.chess.com"]

[Event "Titled Tuesday Blitz February 22 Early 2022"]
[White "Kozak, Antoni"]
[Black "Pajeken, Jakob Leon"]
[WhiteFideId "21832030"]
[BlackFideId "12942839"]
[WhiteElo "2232"]
[BlackElo "2351"]
[Result "0-1"]
[Round "11"]
[TimeControl "180+1"]
[Date "2022.02.22"]
[WhiteClock "0:01:19"]
[BlackClock "0:01:43"]

1. d4 d5 2. Bf4 Nf6 3. e3 e6 4. c3 Bd6 5. Bg3 O-O 6. Nf3 b6 7. Nbd2 Bb7 8. Bd3 Ne4 9. Qc2 f5 10. c4 Nd7 11. O-O Bxg3 12. hxg3 c6 13. Rac1 a5 14. cxd5 cxd5 15. Qc7 Ba6 16. Bxa6 Rxa6 17. Qxd8 Rxd8 18. Nxe4 dxe4 19. Ng5 b5 20. g4 h6 21. Nh3 fxg4 22. Nf4 e5 23. dxe5 Nxe5 24. Rc5 Nd3 25. Rxb5 Nxf4 26. exf4 Rd2 27. Rc1 e3 28. fxe3 Re6 29. Rc3 g3 30. Kf1 Rf2+ 31. Ke1 Rxg2 32. f5 Re8 33. Kf1 Rf2+ 34. Kg1 h5 35. Rc4 Rxe3 36. Rc1 h4 37. f6 gxf6 38. Rb7 Re8 39. a3 h3 40. b4 axb4 41. axb4 Rfe2 42. Rf1 h2+ 43. Kh1 g2+ 44. Kxh2 gxf1=Q+ 45. Kg3 Rg2+ 46. Kh4 Qh1# 0-1


[Site "https://www.chess.com"]

[Event "Titled Tuesday Blitz February 22 Early 2022"]
[White "Krysa, Leandro"]
[Black "King, Alexander"]
[WhiteFideId "116807"]
[BlackFideId "2063620"]
[WhiteElo "2490"]
[BlackElo "2306"]
[Result "0-1"]
[Round "11"]
[TimeControl "180+1"]
[Date "2022.02.22"]
[WhiteClock "0:00:05"]
[BlackClock "0:00:03"]

1. b3 d5 2. e3 Bf5 3. Bb2 e6 4. Nf3 Nf6 5. c4 c6 6. Nc3 h6 7. d4 Nbd7 8. Bd3 Bxd3 9. Qxd3 Bb4 10. O-O O-O 11. a3 Bxc3 12. Bxc3 a5 13. Nd2 a4 14. b4 Re8 15. Bb2 e5 16. dxe5 Nxe5 17. Qc2 Nxc4 18. Nxc4 dxc4 19. Rad1 Qe7 20. Qxc4 Nd5 21. Rd4 Rad8 22. Rfd1 Nc7 23. h3 Ne6 24. Rxd8 Rxd8 25. Rxd8+ Qxd8 26. Qc2 Ng5 27. Qxa4 Qd2 28. Qb3 Qe1+ 29. Kh2 Qxf2 30. Kh1 Ne4 0-1


[Site "https://www.chess.com"]